 Dungeon Crawl Stone Soup version 0.21.1-1-g345015f (webtiles) character file.

849 grindst0ne the Fighter (level 8, -6/72 HPs)
             Began as a Formicid Fighter on Feb 28, 2018.
             Was an Initiate of the Shining One.
             Splashed by a jelly's acid (8 damage)
             ... on level 5 of the Dungeon.
             The game lasted 00:06:58 (4209 turns).

grindst0ne the Fighter (Formicid Fighter)           Turns: 4209, Time: 00:06:59

Health: -6/72      AC: -1    Str: 21    XL:     8   Next: 21%
Magic:  8/8        EV:  6    Int: 10    God:    the Shining One [......]
Gold:   215        SH:  7    Dex: 10    Spells: 7/7 levels left

rFire    . . .     SeeInvis +   a - +0 war axe
rCold    . . .     Gourm    .   c - +0 shield
rNeg     . . .     Faith    .   b - +0 scale mail
rPois    .         Spirit   .   (helmet unavailable)
rElec    .         Reflect  .   (no cloak)
rCorr    .         Harm     .   (no gloves)
MR       .....                  p - +0 pair of boots
Stlth    ..........             e - amulet of magic regeneration
HPRegen  0.22/turn              (no ring)
MPRegen  0.36/turn              (no ring)

@: corroded, glowing, extremely drained
A: permanent stasis, dig shafts and tunnels, four strong arms, antennae 3
a: Dig, Shaft Self, Renounce Religion


You were on level 5 of the Dungeon.
You worshipped the Shining One.
The Shining One was noncommittal.
You were not hungry.

You visited 1 branch of the dungeon, and saw 5 of its levels.

You collected 215 gold pieces.

Inventory:

Hand Weapons
 a - a +0 war axe (weapon)
Armour
 b - a +0 scale mail (worn)
 c - a +0 shield (worn)
 p - a +0 pair of boots (worn)
Jewellery
 e - an amulet of magic regeneration (around neck)
Scrolls
 d - a scroll of identify
 h - a scroll of remove curse {unknown}
 j - a scroll of immolation {unknown}
 n - 2 scrolls of teleportation {unknown}
 q - a scroll of magic mapping
Potions
 m - a potion of mutation
Comestibles
 f - 9 rations


   Skills:
 + Level 10.1(0.0) Fighting
 - Level 2.0(0.0) Axes
 - Level 3.2(0.0) Armour
 - Level 3.6(0.0) Shields


You had 7 spell levels left.
You didn't know any spells.

Dungeon Overview and Level Annotations

Branches:
Dungeon (5/15)             Temple (0/1) D:4

Altars:
Cheibriados
Dithmenos
Fedhas
Ru
Trog
Wu Jian
The Shining One

Annotations:
D:3 exclusion: 2 downstairs
D:4 PeterLawrence's ghost, amateur MiFi


Innate Abilities, Weirdness & Mutations

You cannot be hasted, slowed, berserked, paralysed or teleported.
You can dig through walls and to a lower floor.
Your four strong arms can wield two-handed weapons with a shield.
You have a pair of large antennae on your head. (SInv)


Message History

You slash the adder!
You kill the adder!
The jelly hits you but does no damage.
You hit the jelly but do no damage. The acid corrodes you!
Your hands burn!
* * * LOW HITPOINT WARNING * * *
The jelly is lightly wounded.
The jelly hits you.
* * * LOW HITPOINT WARNING * * *
You are splashed with acid!
The acid burns!
* * * LOW HITPOINT WARNING * * *
You hit the jelly but do no damage.
Your hands burn!
* * * LOW HITPOINT WARNING * * *
The jelly hits you but does no damage. The jelly barely misses you.
You hit the jelly. The acid corrodes you!
Your hands burn!
* * * LOW HITPOINT WARNING * * *
The jelly is lightly wounded.
The jelly hits you.
* * * LOW HITPOINT WARNING * * *
You are splashed with acid!
The acid burns!
You die...

.....#.##......#
...... ##.._..#
#..... #......#
......###......###
..!......<.......#
...(..#.<#######.#
...!.>#..J...# #.#
.###.##.####J# #.#
#. #.# ##.# #@# #.
#.# #..# #J# #
#.###.## #.#
#.##..J###.# #
#.#.###.##.##.#
...# ##.#....# #..
#...#### ## #.#.#
#....#


You could see a jelly.

Vanquished Creatures
  Pikel (D:4)
  The ghost of relionnb the Vexing, an amateur GnAM of the Shining One (D:3)
  A scorpion (D:4)
  2 adders
  An ooze (D:2)
  4 worms
  3 dart slugs
  4 leopard geckos
  10 orcs
  3 ball pythons
  5 giant cockroaches
  11 goblins
  10 hobgoblins
  4 jackals (D:2)
  6 kobolds
  2 quokkas
  5 bats
  3 frilled lizards (D:2)
  13 rats
  2 toadstools (D:1)
91 creatures vanquished.

Vanquished Creatures (others)
  2 toadstools (D:1)
2 creatures vanquished.

Grand Total: 93 creatures vanquished

Notes
Turn   | Place    | Note
-------+----------+-------------------------------------------
     0 | D:1      | grindst0ne the Formicid Fighter began the quest for the Orb.
     0 | D:1      | Reached XP level 1. HP: 18/18 MP: 1/1
    71 | D:1      | Reached XP level 2. HP: 25/25 MP: 2/2
    95 | D:1      | Reached skill level 4 in Fighting
   507 | D:1      | Reached XP level 3. HP: 29/31 MP: 3/3
  1020 | D:2      | Found a bloodstained altar of Trog.
  1151 | D:2      | Reached skill level 5 in Fighting
  1151 | D:2      | Reached XP level 4. HP: 28/39 MP: 4/4
  1686 | D:3      | Found a bloodstained altar of Trog.
  1772 | D:3      | Found a blossoming altar of Fedhas.
  1781 | D:3      | Reached XP level 5. HP: 27/46 MP: 5/5
  1892 | D:3      | Found an ornate altar of the Wu Jian Council.
  1895 | D:3      | Found a glowing golden altar of the Shining One.
  1956 | D:3      | Reached skill level 6 in Fighting
  1984 | D:3      | Found a shadowy altar of Dithmenos.
  1992 | D:3      | Became a worshipper of the Shining One
  1998 | D:3      | Found a sacrificial altar of Ru.
  2060 | D:3      | Noticed relionnb's ghost (amateur GnAM)
  2295 | D:3      | Killed relionnb's ghost
  2295 | D:3      | Reached skill level 7 in Fighting
  2295 | D:3      | Reached XP level 6. HP: 8/56 MP: 6/6
  2708 | D:4      | Reached skill level 8 in Fighting
  2708 | D:4      | Reached XP level 7. HP: 50/62 MP: 7/7
  2893 | D:4      | Found a staircase to the Ecumenical Temple.
  2952 | D:4      | Noticed Pikel
  2986 | D:4      | Killed Pikel
  2986 | D:4      | Reached skill level 10 in Fighting
  2986 | D:4      | Reached XP level 8. HP: 19/72 MP: 8/8
  3175 | D:4      | Noticed PeterLawrence's ghost (amateur MiFi)
  4142 | D:5      | Entered Level 5 of the Dungeon
  4142 | D:5      | Found a snail-covered altar of Cheibriados.
  4209 | D:5      | HP: 2/72 [jelly (2)]
  4209 | D:5      | Splashed by a jelly's acid

Skill      XL: |  1  2  3  4  5  6  7 |
---------------+----------------------+-----
Fighting       | 4 5 7 8 10 | 10.1
Axes           | |  2.0
Armour         | |  3.2
Shields        | |  3.6

Action                   |  1- 3 |  4- 6 |  7- 9 || total
-------------------------+-------+-------+-------++-------
Melee: War axe           |   104 |   166 |    83 ||   353
 Abil: Dig               |     2 |     2 |       ||     4
  Use: Potion            |       |     1 |     4 ||     5
       Scroll            |       |       |     4 ||     4
  Eat: Chunk             |     1 |     6 |     1 ||     8
       Ration            |       |       |     1 ||     1
Armor: Scale mail        |    58 |    99 |    28 ||   185
       Skin              |       |       |    15 ||    15
Dodge: Dodged            |    34 |    83 |    31 ||   148
Block: Shield            |    49 |   126 |    39 ||   214
